 Dungeon Crawl Stone Soup version 0.25.1-2-g60ff931 (webtiles) character file.

Game seed: 13477949399906494743

205 Brojangles69 the Cudgeler (level 5, -2/45 HPs)
             Began as a Minotaur Berserker on Sept 5, 2020.
             Was a Believer of Trog.
             Slain by a centaur (5 damage)
             ... on level 3 of the Dungeon.
             The game lasted 00:18:20 (2611 turns).

Brojangles69 the Cudgeler (Minotaur Berserker)      Turns: 2611, Time: 00:18:21

Health: -2/45      AC:  3    Str: 23    XL:     5   Next: 53%
Magic:  4/4        EV: 12    Int:  4    God:    Trog [**....]
Gold:   195        SH:  0    Dex:  9    Spells: 4/4 levels left

rFire    . . .     SeeInvis .   a - +0 mace
rCold    . . .     Gourm    .   (no shield)
rNeg     . . .     Faith    .   d - +0 leather armour
rPois    .         Spirit   .   (helmet restricted)
rElec    .         Reflect  .   (no cloak)
rCorr    .         Harm     .   (no gloves)
MR       .....                  (no boots)
Stlth    +.........             (no amulet)
HPRegen  0.15/turn              (no ring)
MPRegen  0.09/turn              (no ring)

@: about to teleport
A: retaliatory headbutt, horns 2
a: Berserk, Trog's Hand, Renounce Religion


You were on level 3 of the Dungeon.
You worshipped Trog.
Trog was pleased with you.
You were hungry.

You visited 1 branch of the dungeon, and saw 3 of its levels.

You collected 195 gold pieces.

Inventory:

Hand Weapons
 a - a +0 mace (weapon)
Missiles
 g - 67 stones (quivered)
Armour
 b - a +0 animal skin
 d - a +0 leather armour (worn)
Jewellery
 e - an uncursed amulet of faith {unknown}
 h - a +6 ring of intelligence {unknown}
 j - a +4 ring of slaying {unknown}
Wands
 k - a wand of digging (3)
Scrolls
 i - 3 scrolls of identify
 m - a scroll of fog
Comestibles
 c - 7 rations
 f - 3 chunks of flesh


   Skills:
 - Level 3.6 Fighting
 + Level 7.6 Maces & Flails
 - Level 2.4 Armour
 - Level 2.1 Dodging


You had 4 spell levels left.
You didn't know any spells.
Your spell library was empty.

Dungeon Overview and Level Annotations

Branches:
Dungeon (3/15)

Altars:
Ashenzari
Sif Muna


Innate Abilities, Weirdness & Mutations

You reflexively headbutt those who attack you in melee.
You have a pair of horns on your head.


Message History

The centaur shoots an arrow.
The arrow barely misses you.
The centaur shoots an arrow.
The arrow hits you.
You see here an arrow.
The centaur unwields a +0 shortbow.
The centaur hits you. The centaur closely misses you.
You completely miss the centaur. You headbutt the centaur!
The centaur is moderately wounded.
The centaur hits you.
* * * LOW HITPOINT WARNING * * *
You hit the centaur.
The centaur is heavily wounded.
The centaur hits you!
* * * LOW HITPOINT WARNING * * *
The centaur hits you.
* * * LOW HITPOINT WARNING * * *
You see here an arrow.
You aren't carrying any potions.
As you read the scroll of teleportation, it crumbles to dust.
You feel strangely unstable. The centaur hits you.
You die...

# ##..# #.####...#
## #........######
##.
.##.#........#####..
#.(..........##....
#.(########........
#.(# #.###.... #..#
#.# #.... #.@# #.#
#.... #.c# #.# #####
#..# #.# #.(# #..
#..# ### ...# #####


You could see a centaur.

Vanquished Creatures
  An orc wizard (D:3)
  Robin (D:3)
  8 adders
  A worm (D:2)
  3 dart slugs
  2 leopard geckos
  10 orcs (D:3)
  3 giant cockroaches
  17 goblins
  2 hobgoblins
  4 jackals (D:3)
  A quokka (D:3)
  7 bats
  2 frilled lizards
  8 kobolds
  6 rats
76 creatures vanquished.

Notes
Turn   | Place    | Note
-------+----------+-------------------------------------------
     0 | D:1      | Brojangles69 the Minotaur Berserker began the quest for the
                  | Orb.
     0 | D:1      | Reached XP level 1. HP: 19/19 MP: 0/0
   171 | D:1      | Reached skill level 4 in Maces & Flails
   267 | D:1      | Reached XP level 2. HP: 24/26 MP: 1/1
   717 | D:2      | Reached skill level 5 in Maces & Flails
   846 | D:2      | Found a shattered altar of Ashenzari.
   883 | D:2      | Reached XP level 3. HP: 31/31 MP: 2/2
  1703 | D:2      | Reached skill level 6 in Maces & Flails
  1703 | D:2      | Reached XP level 4. HP: 37/39 MP: 3/3
  2032 | D:3      | Found a shimmering blue altar of Sif Muna.
  2047 | D:3      | Noticed Robin
  2066 | D:3      | Reached ** piety under Trog
  2085 | D:3      | Killed Robin
  2178 | D:3      | Reached skill level 7 in Maces & Flails
  2178 | D:3      | Reached XP level 5. HP: 18/45 MP: 4/4
  2600 | D:3      | Noticed a centaur
  2611 | D:3      | Slain by a centaur

Illustrated notes

Levels and vault maps discovered:
D:1:      matt_arrival_los_fun, layout_basic, minmay_pentomino_x2
D:2:      layout_basic, ashenzari_conservatory_becter, first_ration
D:3:      layout_loops_ring, lemuel_crystal_altar, lemuel_round_altar,
          solitary_fountain, grunt_ministairs_3, uniq_robin

Skill      XL: |  1  2  3  4 |
---------------+-------------+-----
Maces & Flails | 4 5 6 7 |  7.6
Fighting       | |  3.6
Armour         | |  2.4
Dodging        | |  2.1

Action                   |  1- 3 |  4- 6 || total
-------------------------+-------+-------++-------
Melee: Mace              |    80 |    78 ||   158
       Headbutt          |    13 |    12 ||    25
Throw: Stone             |    15 |     7 ||    22
Invok: Berserk           |       |     1 ||     1
  Use: Potion            |     2 |     2 ||     4
       Scroll            |     1 |     6 ||     7
  Eat: Chunk             |     2 |     4 ||     6
Armor: Leather armour    |    24 |    27 ||    51
Dodge: Dodged            |    70 |    79 ||   149
